 Dungeon Crawl Stone Soup version 0.23.1-37-gaa34b87 (webtiles) character file.

Game seed: 3366534334345318390

10537 azeaze88 the Severer (level 11, -31/88 HPs)
             Began as a Deep Dwarf Fighter on Mar 20, 2019.
             Was a High Priest of Makhleb.
             Annihilated by an orc warlord
             ... wielding a +1 war axe of freezing
              (32 damage)
             ... on level 2 of the Orcish Mines.
             The game lasted 00:18:16 (7362 turns).

azeaze88 the Severer (Deep Dwarf Fighter)           Turns: 7362, Time: 00:18:17

Health: -31/88     AC: 13    Str: 26    XL:     11   Next: 37%
Magic:  3/3        EV:  8    Int: 10    God:    Makhleb [*****.]
Gold:   481        SH: 10    Dex: 15    Spells: 14/14 levels left

rFire    . . .     SeeInvis .   a - +0 war axe
rCold    . . .     Gourm    .   c - +0 shield
rNeg     . . .     Faith    .   E - +0 plate armour
rPois    .         Spirit   .   F - +0 helmet
rElec    .         Reflect  .   (no cloak)
rCorr    .         Harm     .   G - +0 pair of gloves
MR       +....                  (no boots)
Stlth    ..........             (no amulet)
HPRegen  0.00/turn              i - +3 ring of dexterity
MPRegen  0.08/turn              H - +4 ring of strength

@: non-regenerating, drained
A: damage resistance, heal wounds, sense surroundings 2, no regeneration
a: Heal Wounds, Minor Destruction, Lesser Servant of Makhleb, Major Destruction,
Greater Servant of Makhleb, Renounce Religion


You were on level 2 of the Orcish Mines.
You worshipped Makhleb.
Makhleb was extremely pleased with you.
You were hungry.

You visited 3 branches of the dungeon, and saw 12 of its levels.
You also visited: Ossuary.

You collected 706 gold pieces.
You spent 225 gold pieces at shops.

Inventory:

Hand Weapons
 a - a +0 war axe (weapon)
Armour
 b - a +0 scale mail
 c - a +0 shield (worn)
 E - a +0 plate armour (worn)
 F - a +0 helmet (worn)
 G - a +0 pair of gloves (worn)
Jewellery
 i - a +3 ring of dexterity (left hand)
 y - a cursed -3 ring of slaying {unknown}
 H - a +4 ring of strength (right hand)
Wands
 s - a wand of random effects (6)
 J - a wand of scattershot (5)
Scrolls
 e - 2 scrolls of amnesia
 j - 3 scrolls of magic mapping
 k - 3 scrolls of remove curse
 l - 6 scrolls of teleportation
 r - a scroll of fear {unknown}
 t - 4 scrolls of enchant armour
 w - 9 scrolls of identify
 x - a scroll of blinking {unknown}
 A - 2 scrolls of enchant weapon {unknown}
 B - a scroll of noise {unknown}
 C - a scroll of fog {unknown}
Potions
 d - 3 potions of might
 g - 2 potions of haste {unknown}
 h - 10 potions of heal wounds
 m - a potion of ambrosia {unknown}
 n - a potion of magic {unknown}
 o - 5 potions of curing {unknown}
 p - 3 potions of cancellation {unknown}
 q - 2 potions of flight {unknown}
 u - 2 potions of degeneration {unknown}
 v - 2 potions of brilliance {unknown}
 z - a potion of invisibility {unknown}
 D - a potion of mutation {unknown}
Comestibles
 f - 13 rations


   Skills:
 - Level 2.6(1.9) Fighting
 + Level 16.3(15.3) Axes
 - Level 3.2(2.5) Armour
 + Level 7.3(6.5) Dodging
 + Level 5.1(4.4) Stealth
 - Level 3.2(2.5) Shields
 - Level 2.1(1.4) Spellcasting
 + Level 0.5(0.0) Invocations
 + Level 1.1(0.4) Evocations


You had 14 spell levels left.
You didn't know any spells.
Your spell library contained the following spells:

 Spells                   Type           Power        Failure   Level  Hunger
 Magic Dart               Conj           #...         100%        1    ##.....
 Blink                    Tloc           N/A          100%        2    ###....
 Call Imp                 Summ           #.......     100%        2    ###....
 Slow                     Hex            #.......     100%        2    ###....
 Conjure Flame            Conj/Fire      #.......     100%        3    ####...
 Mephitic Cloud           Conj/Pois/Air  #.......     100%        3    ####...


Dungeon Overview and Level Annotations

Branches:
Dungeon (9/15)             Temple (1/1) D:4            Lair (0/6) D:9
    Orc (2/2) D:9
    Elf: Orc:2

Altars:
Ashenzari
Cheibriados
Dithmenos
Elyvilon
Fedhas
Gozag
Hepliaklqana
Kikubaaqudgha
Makhleb
Nemelex Xobeh
Okawaru
Qazlal
Ru
Sif Muna
Trog
Uskayaw
Vehumet
Wu Jian
Xom
Yredelemnul
Zin
The Shining One

Shops:
D:6 *   D:8 *

Annotations:
D:9 2 transporters, dengdeng's ghost, novice HOBe
Orc:2 Nergalle; Urug


Innate Abilities, Weirdness & Mutations

You are resistant to damage.
You can heal yourself by infusing magical energy.
You passively map the area around you.
You do not regenerate.


Message History

Your smoke demon hits the spectral orc warrior but does no damage. x3
The orc warlord hits you with a +1 war axe of freezing!!
The orc warlord freezes you.
A demon appears!
The orc sorcerer no longer looks unusually strong.
The orc high priest calls down the wrath of Beogh upon you.
Beogh smites you!
* * * LOW HITPOINT WARNING * * *
The spectral orc warrior barely misses your smoke demon.
You block the spectral orc knight's attack.
The orc priest invokes the aid of Beogh against you.
Beogh smites you!
* * * LOW HITPOINT WARNING * * *
Your smoke demon barely misses the spectral orc warrior.
Your smoke demon hits the spectral orc warrior but does no damage.
Your smoke demon hits the spectral orc warrior.
The chaos spawn closely misses you.
The orc priest looks satisfied for a moment.
The orc warlord hits you with a +1 war axe of freezing!!
You die... * , ,,, , ** *, , .. , , ,.o.* *, , .oo# * , , $o44# ### , , #oooo####3## , , ,.ooooohZZZ4##

, ,..oooooo@Z..#
,,,..oooooo44.##
,
,,......oo#o4.#
, ..(..o{o)o)##
,,
......[#)).### ,
.............##
* ,,
,..............#
.....#.........#
....#.......#.##


You could see an orc warlord, 2 orc knights, Urug, Nergalle, an orc high priest,
2 orange demons, a hellwing, a spectral orc, 2 spectral orc warriors, a spectral
orc knight, a chaos spawn, a warg, 2 orc sorcerers, 10 orc warriors, 4 orc
priests, 3 orc wizards, 4 orcs, 2 friendly orange demons and a friendly smoke
demon.

Vanquished Creatures
  Erolcha (Orc:1)
  A two-headed ogre (D:9)
  An orc knight (Orc:1)
  An orc sorcerer (Orc:1)
  A troll (Orc:1)
  A hornet (D:8)
  2 hippogriffs (D:9)
  A shadow (D:8)
  A human (D:8)
  2 hungry ghosts (D:9)
  4 hogs (D:8)
  A steam dragon (D:8)
  5 wargs
  A water moccasin (D:9)
  2 black bears (D:7)
  9 orc warriors
  3 sky beasts
  6 ogres
  6 centaurs
  5 big kobolds
  8 bullfrogs
  3 water moccasin zombies (Ossuary)
  3 scorpions
  A troll zombie (D:9)
  3 killer bees (D:8)
  3 crimson imps
  A quasit (D:5)
  8 orc priests
  3 bullfrog skeletons
  A hound (D:6)
  2 centaur skeletons
  3 iguanas
  11 orc wizards
  10 worker ants
  2 big kobold zombies (Ossuary)
  7 ogre zombies (D:9)
  2 hound skeletons
  2 mummies (Ossuary)
  16 adders
  4 gnolls
  A howler monkey skeleton (D:5)
  3 river rats (D:6)
  A shadow imp (D:7)
  An ooze (D:1)
  5 adder zombies
  7 worms
  3 dart slugs
  5 leopard geckos
  41 orcs
  A ball python (D:1)
  5 giant cockroaches
  A gnoll zombie (Ossuary)
  4 hobgoblins
  23 kobolds
  3 quokkas
  A ball python skeleton (D:4)
  7 bats
  7 frilled lizards
  6 goblins
  4 goblin skeletons (D:9)
  3 goblin zombies
  3 hobgoblin skeletons (D:9)
  9 hobgoblin zombies
  2 kobold zombies (Ossuary)
  3 orc skeletons (D:9)
  14 orc zombies
  A quokka skeleton (D:5)
  A quokka zombie (D:5)
  12 rats
324 creatures vanquished.

Vanquished Creatures (collateral kills)
  An orc warrior (Orc:2)
  An orc priest (Orc:2)
  2 orcs (Orc:2)
4 creatures vanquished.

Vanquished Creatures (others)
  A hippogriff (D:8)
  5 dream sheep (D:3)
  An orc (D:8)
7 creatures vanquished.

Grand Total: 335 creatures vanquished

Notes
Turn   | Place    | Note
-------+----------+-------------------------------------------
     0 | D:1      | azeaze88 the Deep Dwarf Fighter began the quest for the
                  | Orb.
     0 | D:1      | Reached XP level 1. HP: 20/20 MP: 1/1
   143 | D:1      | Reached skill level 3 in Axes
   143 | D:1      | Reached XP level 2. HP: 10/27 MP: 2/2
   358 | D:1      | Reached XP level 3. HP: 31/33 MP: 2/2
   540 | D:1      | Reached skill level 4 in Axes
   756 | D:2      | Noticed a centaur
   764 | D:2      | Killed a centaur
   764 | D:2      | Reached skill level 5 in Axes
   764 | D:2      | Reached skill level 1 in Dodging
   764 | D:2      | Reached XP level 4. HP: 20/40 MP: 3/3
  1071 | D:2      | Reached XP level 5. HP: 31/46 MP: 3/3
  1600 | D:3      | Noticed a sky beast
  1628 | D:3      | HP: 2/46 [something (3)]
  1642 | D:3      | Killed a sky beast
  1642 | D:3      | Reached skill level 6 in Axes
  1733 | D:3      | Reached XP level 6. HP: 51/55 MP: 4/4
  1840 | D:3      | Found an opulent altar of Gozag.
  1903 | D:3      | Noticed a dream sheep
  1903 | D:3      | Noticed a dream sheep
  1903 | D:3      | Noticed a dream sheep
  1903 | D:3      | Noticed a dream sheep
  1903 | D:3      | Noticed a dream sheep
  1903 | D:3      | Found a shimmering altar of Xom.
  1908 | D:3      | Killed a dream sheep
  1908 | D:3      | Killed a dream sheep
  1908 | D:3      | Killed a dream sheep
  1908 | D:3      | Killed a dream sheep
  1909 | D:3      | Killed a dream sheep
  1955 | D:3      | Found a snail-covered altar of Cheibriados.
  2116 | D:4      | Found a deep blue altar of Sif Muna.
  2128 | D:4      | Reached skill level 7 in Axes
  2160 | D:4      | Found a staircase to the Ecumenical Temple.
  2180 | D:4      | Reached XP level 7. HP: 50/61 MP: 4/4
  2203 | D:4      | Reached skill level 1 in Stealth
  2204 | D:4      | Reached skill level 8 in Axes
  2260 | Temple   | Entered the Ecumenical Temple
  2424 | Temple   | Became a worshipper of Makhleb the Destroyer
  2805 | D:5      | Entered Level 5 of the Dungeon
  2821 | D:5      | Found a sand-covered staircase.
  2839 | Ossuary  | Entered an ossuary
  2882 | Ossuary  | Reached * piety under Makhleb
  2916 | Ossuary  | Reached skill level 9 in Axes
  2972 | Ossuary  | Reached XP level 8. HP: 49/68 MP: 5/5
  3206 | D:5      | Reached skill level 10 in Axes
  3309 | D:5      | Found a bloodstained altar of Trog.
  3318 | D:5      | Found a sparkling altar of Nemelex Xobeh.
  3358 | D:5      | Reached ** piety under Makhleb
  3383 | D:5      | Found a glowing golden altar of the Shining One.
  3622 | D:6      | Found Ahomot's Hallowed Reliquary.
  3627 | D:6      | Found a glowing silver altar of Zin.
  3653 | D:6      | Noticed an angel
  3672 | D:6      | Bought a potion of heal wounds for 75 gold pieces
  3672 | D:6      | Bought a potion of heal wounds for 75 gold pieces
  3672 | D:6      | Bought a potion of heal wounds for 75 gold pieces
  3816 | D:6      | Reached skill level 11 in Axes
  4104 | D:6      | Found a glowing drain.
  4400 | D:7      | Gained mutation: You passively map the area around you.
                  | [Deep Dwarf growth]
  4400 | D:7      | Reached XP level 9. HP: 72/74 MP: 4/4
  4442 | D:7      | Reached skill level 5 in Dodging
  4564 | D:7      | Found a blossoming altar of Fedhas.
  4575 | D:7      | Found a faded altar of an unknown god.
  4575 | D:7      | Found a stormy altar of Qazlal.
  4580 | D:7      | Found an ornate altar of the Wu Jian Council.
  4583 | D:7      | Found an ancient bone altar of Kikubaaqudgha.
  4597 | D:7      | Found a shadowy altar of Dithmenos.
  4642 | D:7      | Reached skill level 12 in Axes
  4676 | D:7      | Reached *** piety under Makhleb
  4682 | D:7      | Found a bloodstained altar of Trog.
  5308 | D:8      | Reached skill level 13 in Axes
  5521 | D:8      | Reached XP level 10. HP: 78/81 MP: 4/4
  5699 | D:8      | Found Daryisy's Assorted Antiques.
  5784 | D:8      | Reached **** piety under Makhleb
  5784 | D:8      | Reached skill level 14 in Axes
  5919 | D:8      | Found a shattered altar of Ashenzari.
  6233 | D:9      | Noticed a two-headed ogre
  6241 | D:9      | Killed a two-headed ogre
  6241 | D:9      | Reached skill level 1 in Spellcasting
  6241 | D:9      | Reached skill level 1 in Evocations
  6245 | D:9      | Reached skill level 5 in Stealth
  6380 | D:9      | Found a staircase to the Lair.
  6442 | D:9      | Found a transporter.
  6512 | D:9      | Found a transporter.
  6512 | D:9      | Noticed a manticore
  6513 | D:9      | Noticed dengdeng's ghost (novice HOBe)
  6514 | D:9      | Noticed a moth of wrath
  6654 | D:9      | Reached skill level 15 in Axes
  6775 | D:9      | Reached ***** piety under Makhleb
  6917 | D:9      | Reached XP level 11. HP: 88/88 MP: 8/8
  6925 | D:9      | Found a staircase to the Orcish Mines.
  7144 | Orc:1    | Entered Level 1 of the Orcish Mines
  7144 | Orc:1    | Noticed Erolcha
  7144 | Orc:1    | Noticed an orc sorcerer
  7152 | Orc:1    | Noticed an orc knight
  7216 | Orc:1    | Killed an orc sorcerer
  7225 | Orc:1    | Killed an orc knight
  7227 | Orc:1    | Killed Erolcha
  7227 | Orc:1    | Reached skill level 16 in Axes
  7304 | Orc:2    | Entered Level 2 of the Orcish Mines
  7335 | Orc:2    | Noticed Nergalle
  7337 | Orc:2    | Noticed an orc warlord
  7338 | Orc:2    | Noticed an orc knight
  7339 | Orc:2    | Noticed an orc high priest
  7344 | Orc:2    | Noticed an orc knight
  7349 | Orc:2    | Noticed an orc sorcerer
  7349 | Orc:2    | Noticed an orc sorcerer
  7350 | Orc:2    | Noticed Urug
  7360 | Orc:2    | Noticed an orc sorcerer
  7362 | Orc:2    | HP: 1/88 [orc priest/divine providence (9)]
  7362 | Orc:2    | Annihilated by an orc warlord

Skill      XL: |  1  2  3  4  5  6  7  8  9 10 11 |
---------------+----------------------------------+-----
Axes           | 3 5 6 7 9 11 13 15 16 | 16.3
Dodging        | 1 2 3 4 6 7 |  7.3
Stealth        | 1 2 4 5 |  5.1
Spellcasting   | 2 |  2.1
Evocations     | 1 |  1.1
Fighting       | |  2.6
Armour         | |  3.2
Shields        | |  3.2
Invocations    | |  0.5

Action                   |  1- 3 |  4- 6 |  7- 9 | 10-12 || total
-------------------------+-------+-------+-------+-------++-------
Melee: War axe           |    93 |   141 |   574 |   440 ||  1248
Invok: Lesser Servant of |       |       |       |     9 ||     9
 Abil: Heal Wounds       |     1 |     6 |     7 |    51 ||    65
Evoke: Wand              |       |       |     3 |       ||     3
  Use: Scroll            |       |     3 |     5 |     1 ||     9
 Stab: Fleeing           |       |     1 |       |       ||     1
       Sleeping          |       |       |     4 |       ||     4
       Distracted        |       |       |     1 |       ||     1
  Eat: Chunk             |       |     4 |    13 |     1 ||    18
       Ration            |       |       |       |     3 ||     3
Armor: Scale mail        |    27 |    15 |   160 |    54 ||   256
       Ring mail         |    21 |    47 |       |       ||    68
       Skin              |       |     4 |       |       ||     4
       Plate armour      |       |       |       |   189 ||   189
Dodge: Dodged            |    30 |    45 |   181 |   187 ||   443
Block: Shield            |    58 |    80 |   271 |   302 ||   711
